 Dungeon Crawl Stone Soup version 0.32-a0-656-g3542139ebd (webtiles) character file.

Game seed: 515143376692344543

11657 pokeman the Eclecticist (level 11, 0/60 HPs)
             Began as a Deep Elf Hedge Wizard on Mar 8, 2024.
             Was an Elder of Vehumet.
             Killed from afar by an efreet (28 damage)
             ... with a fireball
             ... on level 10 of the Dungeon.
             The game lasted 00:26:48 (12128 turns).

pokeman the Eclecticist (Deep Elf Hedge Wizard)    Turns: 12128, Time: 00:26:49

Health: 0/60       AC:  7    Str:  7    XL:     11   Next: 52%
Magic:  14/32      EV: 18    Int: 26    God:    Vehumet [****..]
Gold:   572        SH:  0    Dex: 16    Spells: 25/41 levels left

rFire   . . .        D - +4 dagger of Purpose {drain, Int+2}
rCold   . . .        (no shield)
rNeg    . . .        L - +0 steam dragon scales
rPois   .            c - +0 hat
rElec   .            l - +0 cloak
rCorr   +            (no gloves)
SInv    .            (no boots)
Will    ++...        (no amulet)
Stlth   ++           s - ring of Ugasac {rCorr EV+5 Dex+2}
HPRegen 0.30/turn    t - ring of willpower
MPRegen 0.23/turn

%: no passive effects
@: no status effects
A: no striking features
a: Renounce Religion


You were on level 10 of the Dungeon.
You worshipped Vehumet.
Vehumet was greatly pleased with you.
You visited 2 branches of the dungeon, and saw 11 of its levels.

You collected 572 gold pieces.

Inventory:

Hand Weapons
 D - the +4 dagger of Purpose (weapon) {drain, Int+2}
   (You found it on level 4 of the Dungeon)

   Int+2:     It affects your intelligence (+2).
 J - a +2 war axe of electrocution
Missiles
 e - 3 curare-tipped darts
 u - 3 throwing nets
Armour
 c - a +0 hat (worn)
 l - a +0 cloak (worn)
 w - the +2 scale mail "Foec" {rN+ Regen+ Int-3 SInv}
   (You found it on level 3 of the Dungeon)

   Int-3:     It affects your intelligence (-3).
   rN+:       It protects you from negative energy.
   SInv:      It lets you see invisible.
   Regen+:    It increases your rate of health regeneration.
 G - a +0 buckler
 L - +0 steam dragon scales (worn)
Magical Staves
 K - a staff of alchemy
Jewellery
 q - a ring of ice
 s - the ring of Ugasac (left hand) {rCorr EV+5 Dex+2}
   (You found it on level 4 of the Dungeon)

   [ring of evasion]

   EV+5:      It affects your evasion (+5).
   Dex+2:     It affects your dexterity (+2).
   rCorr:     It protects you from acid and corrosion.
 t - a ring of willpower (right hand)
 E - a ring of fire
Wands
 H - a wand of paralysis (10)
 M - a wand of warping (7)
 O - a wand of mindburst (6)
Scrolls
 a - 15 scrolls of identify {unknown}
 b - 2 scrolls of revelation {unknown}
 g - 4 scrolls of poison {unknown}
 h - 4 scrolls of enchant weapon {unknown}
 j - a scroll of immolation {unknown}
 k - 2 scrolls of teleportation {unknown}
 p - 2 scrolls of blinking {unknown}
 y - 4 scrolls of vulnerability {unknown}
 A - a scroll of acquirement {unknown}
 B - a scroll of brand weapon {unknown}
 C - a scroll of fear {unknown}
 F - 4 scrolls of enchant armour {unknown}
Potions
 d - a potion of magic
 f - 3 potions of curing {unknown}
 i - 2 potions of heal wounds {unknown}
 m - 2 potions of might {unknown}
 n - 2 potions of attraction {unknown}
 o - a potion of invisibility {unknown}
 r - a potion of cancellation {unknown}
 v - a potion of haste {unknown}
 x - 2 potions of ambrosia {unknown}
 z - 3 potions of lignification {unknown}
 I - a potion of mutation {unknown}
 N - a potion of degeneration {unknown}


   Skills:
 + Level 3.6 Fighting
 - Level 4.0 Armour
 - Level 3.0 Dodging
 - Level 3.0 Stealth
 - Level 4.1 Shields
 * Level 15.9 Spellcasting
 + Level 9.3 Conjurations
 - Level 1.1 Summonings
 - Level 1.1 Translocations
 + Level 7.1 Fire Magic
 - Level 1.0 Air Magic
 - Level 1.0 Alchemy
 - Level 1.0 Evocations


You had 25 spell levels left.
You knew the following spells:

 Your Spells              Type           Power      Damage    Failure   Level
a - Magic Dart            Conj           100%       1d8       1%          1
b - Mephitic Cloud        Conj/Alch/Air  40%        N/A       1%          3
c - Call Imp              Summ           52%        N/A       2%          2
d - Blink                 Tloc           52%        N/A       2%          2
e - Flame Wave            Conj/Fire      59%        2d14      1%          4
f - Iskenderun's Mystic   Conj/Tloc      47%        2d10      1%          4

Your spell library contained the following spells:

 Spells                   Type           Power      Damage    Failure   Level
 Ignite Poison            Fire/Alch      41%        N/A       1%          4
 Momentum Strike          Conj/Tloc      94%        3d10      1%          2
 Scorch                   Fire           100%       2d9       1%          2
 Volatile Blastmotes      Fire/Tloc      84%        2d17      1%          3
 Fulminant Prism          Conj/Alch      23%        3d12      1%          4
 Slow                     Hex            80%        N/A       2%          1
 Lesser Beckoning         Tloc           52%        N/A       2%          2
 Cigotuvi's Dreadful Rot  Necr/Alch/Air  48%        N/A       3%          2
 Jinxbite                 Hex            40%        N/A       3%          2
 Sublimation of Blood     Necr           20%        N/A       3%          2
 Gell's Gravitas          Tloc           26%        N/A       4%          3
 Teleport Other           Tloc           26%        N/A       4%          3
 Fugue of the Fallen      Necr           20%        N/A       8%          3
 Ozocubu's Armour         Ice            20%        N/A       8%          3
 Manifold Assault         Tloc           26%        N/A       16%         4
 Yara's Violent Unravell  Hex/Alch       11%        3d6       16%         5
 Summon Cactus Giant      Summ           13%        N/A       94%         6
 Enfeeble                 Hex            10%        N/A       100%        7
 Summon Hydra             Summ           13%        N/A       100%        7


Dungeon Overview and Level Annotations

Branches:
Dungeon (10/15)            Temple (1/1) D:4
   Lair: D:8-11         Orc: D:9-12

Altars:
Ashenzari
Cheibriados
Dithmenos
Elyvilon
Fedhas
Gozag
Hepliaklqana
Kikubaaqudgha
Makhleb
Nemelex Xobeh
Okawaru
Qazlal
Ru
Sif Muna
Trog
Uskayaw
Vehumet
Wu Jian
Xom
Yredelemnul
Zin
The Shining One

Shops:
D:4 *   D:5 *   D:6 [


Message History

Things that are here:
a +0 trident; a +0 scale mail; an orc corpse Unknown command.
Casting: Mephitic Cloud (safe; 1% risk of failure)
Confirm with . or Enter, or press ? or * to list all spells.
Casting: Flame Wave (safe; 1% risk of failure)
Press: ? - help, Dir - look around, f - activate A wave of flame ripples out!
The flame wave engulfs the orc wizard!!
You kill the orc wizard!
Vehumet accepts your kill.
Vehumet is now extending the range of your destructive spells.
You feel your power returning. (Press . to intensify the flame waves.)
The efreet gestures at you.
The bolt of fire hits the orc!!
The orc dies!
The bolt of fire hits you!!
Ouch! That really hurt!
A wave of flame ripples out!
Something barely misses the orc.
Unknown command.
A wave of flame ripples out!
The flame wave engulfs something!
The flame wave engulfs the orc!
You kill the orc!
Vehumet accepts your kill.
You feel your power returning.
The flame wave engulfs the efreet.
The efreet completely resists.
Something hits the efreet but does no damage.
Unknown command.
Casting: Flame Wave (safe; 1% risk of failure)
Confirm with . or Enter, or press ? or * to list all spells.
You erupt in a blast of force!
The mystic blast hits something!
Vehumet accepts your kill.
Reactivating autopickup.
You feel a bit more experienced.
The mystic blast hits the efreet.
The efreet is lightly wounded.
The efreet is knocked back by the mystic blast.
Unknown command.
The efreet gestures at you.
The fireball explodes!
The fireball engulfs you!!
You die...

.....##......##..#......'....#
....##..#≈...##..#......#....#
........#...[##..#......#....#
#...J.......[##..#......#....#
.........#...##..#......#....#
...J.#...#...##..#......#....#
...##....#≈..##..#......#....#
....##...##..##..#......#....#
.........# .≈##.@#....<.#
........## .###))#.....(#
.......## #..#......# ###..###
#°☼######## # ..# #)R○ # ....
#.°° # ...$# #.... # ..# #....
# #...##


You could see an efreet.

Vanquished Creatures
  A two-headed ogre (D:8)
  A death yak (D:8)
  Joseph (D:9)
  A centaur zombie (D:10)
  A gargoyle (D:10)
  A komodo dragon (D:10)
  Psyche (D:9)
  A slime creature (D:10)
  A shadow (D:9)
  27 yaks
  A wyvern (D:10)
  A wraith (D:10)
  2 steam dragons
  3 vampire mosquitoes (D:10)
  Edmund (D:6)
  5 water moccasins
  A sky beast (D:6)
  An orc warrior (D:8)
  2 ogres (D:5)
  2 centaurs
  2 phantoms
  A kobold brigand (D:9)
  6 bullfrogs
  A gnoll sergeant (D:6)
  A scorpion (D:5)
  4 wights (D:8)
  A burial acolyte (D:10)
  10 killer bees
  5 howler monkeys (D:8)
  3 orc priests
  6 jellies
  A bombardier beetle (D:5)
  2 gnoll boudas
  6 hounds
  2 iguanas
  13 orc wizards
  A statue (D:3)
  21 gnolls
  11 adders
  2 ufetubi
  5 dart slugs
  3 ribbon worms
  30 orcs
  7 ball pythons
  8 endoplasms
  5 giant cockroaches
  4 hobgoblins
  3 jackals (D:2)
  13 kobolds
  6 quokkas
  6 bats
  6 frilled lizards
  7 goblins
  6 rats
263 creatures vanquished.

Vanquished Creatures (others)
  An acid dragon (D:10)
  A human (D:10)
  An orc (D:10)
3 creatures vanquished.

Grand Total: 266 creatures vanquished

Notes
Turn   | Place    | Note
-------+----------+-------------------------------------------
     0 | D:1      | pokeman the Deep Elf Hedge Wizard began the quest for the
                  | Orb.
     0 | D:1      | Reached XP level 1. HP: 10/10 MP: 7/7
   449 | D:1      | Reached XP level 2. HP: 15/15 MP: 6/9
   955 | D:1      | Reached skill level 5 in Spellcasting
  1181 | D:2      | Reached XP level 3. HP: 20/20 MP: 6/11
  1185 | D:2      | Learned a level 3 spell: Mephitic Cloud
  1188 | D:2      | Learned a level 2 spell: Call Imp
  1191 | D:2      | Learned a level 2 spell: Blink
  1826 | D:2      | Reached skill level 1 in Fighting
  1826 | D:2      | Reached skill level 1 in Armour
  1864 | D:2      | You fall into a shaft and drop 2 floors!
  1948 | D:4      | Found a staircase to the Ecumenical Temple.
  1976 | D:4      | Reached XP level 4. HP: 11/25 MP: 1/13
  1985 | Temple   | Entered the Ecumenical Temple
  2283 | D:4      | Identified the ring of Ugasac {rCorr EV+5 Dex+2}
  2689 | D:3      | Reached skill level 6 in Spellcasting
  2689 | D:3      | Reached XP level 5. HP: 29/29 MP: 7/15
  3234 | D:2      | Reached skill level 1 in Air Magic
  3537 | D:2      | Reached skill level 1 in Alchemy
  3813 | D:3      | Found a white marble altar of Elyvilon.
  3904 | D:3      | Identified the +2 scale mail "Foec" {rN+ Regen+ Int-3 SInv}
  3924 | D:3      | Found a radiant altar of Vehumet.
  3926 | D:3      | Noticed a charred statue
  3943 | D:3      | Killed a charred statue
  3944 | D:3      | Reached XP level 6. HP: 12/34 MP: 1/17
  3949 | D:3      | Became a worshipper of Vehumet
  4375 | D:3      | Found a broken altar of Ashenzari.
  4794 | D:4      | Found Zin's Purification Station.
  4797 | D:4      | Found a glowing silver altar of Zin.
  4871 | D:4      | Identified the +4 dagger of Purpose {drain, Int+2}
  4951 | D:4      | Noticed a water moccasin
  4960 | D:4      | Killed a water moccasin
  4961 | D:4      | Reached skill level 7 in Spellcasting
  5183 | D:5      | Entered Level 5 of the Dungeon
  5319 | D:5      | Reached XP level 7. HP: 40/40 MP: 14/20
  5333 | D:5      | Reached skill level 8 in Spellcasting
  5545 | D:5      | Reached * piety under Vehumet
  5545 | D:5      | Offered knowledge of Freeze by Vehumet.
  5728 | D:5      | Found Toitow's General Store.
  5839 | D:5      | Reached skill level 9 in Spellcasting
  5947 | D:5      | Reached XP level 8. HP: 31/44 MP: 15/23
  6304 | D:6      | Reached skill level 5 in Conjurations
  6328 | D:6      | Found Ovyamad's Antique Armour Shop.
  6332 | D:6      | Noticed Edmund
  6370 | D:6      | Killed Edmund
  6498 | D:6      | Reached skill level 10 in Spellcasting
  6524 | D:6      | Reached ** piety under Vehumet
  6524 | D:6      | Offered knowledge of Scorch by Vehumet.
  7515 | D:7      | Reached skill level 11 in Spellcasting
  7520 | D:7      | Learned a level 4 spell: Flame Wave
  7540 | D:7      | Reached skill level 1 in Evocations
  8014 | D:7      | Found a bloodstained altar of Trog.
  8014 | D:7      | Found an iron altar of Okawaru.
  8080 | D:7      | Reached skill level 1 in Shields
  8255 | D:7      | Reached skill level 1 in Fire Magic
  8255 | D:7      | Reached XP level 9. HP: 49/49 MP: 22/26
  9350 | D:8      | Offered knowledge of Mercury Vapours by Vehumet.
  9485 | D:8      | Reached skill level 12 in Spellcasting
  9889 | D:8      | Noticed a two-headed ogre
  9898 | D:8      | Reached skill level 13 in Spellcasting
  9902 | D:8      | Reached XP level 10. HP: 56/56 MP: 17/29
 10036 | D:8      | Reached *** piety under Vehumet
 10037 | D:8      | Killed a two-headed ogre
 10143 | D:8      | Reached skill level 5 in Fire Magic
 10166 | D:8      | Reached skill level 14 in Spellcasting
 10396 | D:8      | Noticed a death yak
 10412 | D:8      | Killed a death yak
 10808 | D:9      | Reached XP level 11. HP: 56/60 MP: 26/31
 10901 | D:9      | Offered knowledge of Ignite Poison by Vehumet.
 10962 | D:9      | Noticed Joseph
 10964 | D:9      | Reached skill level 15 in Spellcasting
 10997 | D:9      | Killed Joseph
 11142 | D:9      | Noticed Psyche
 11158 | D:9      | Killed Psyche
 11566 | D:10     | Entered Level 10 of the Dungeon
 11715 | D:10     | Learned a level 4 spell: Iskenderun's Mystic Blast
 11790 | D:10     | Found an ancient bone altar of Kikubaaqudgha.
 12124 | D:10     | Reached **** piety under Vehumet
 12128 | D:10     | Killed from afar by an efreet

Illustrated notes

Levels and vault maps discovered:
D:1:      sevenhm_arrival_forest_fort_small_3, layout_loops_cross
D:2:      minmay_razor_zed, layout_loops_ring, roderic_nine_men_s_morris
D:3:      layout_rooms, vehumet_statue, lemuel_coloured_pillars_altar,
          elyvilon_altar_1, minmay_misc_feat_more_columns
D:4:      layout_gridville, zin_purify, minmay_temple_entry_grid
D:5:      layout_cave_pools, serial_shops, nicolae_shop_stone,
          dk_noncrumbling_3, kennysheep_generic_room_8
D:6:      layout_layer_cave, serial_shops, shop, uniq_edmund
D:7:      layout_basic, mainiacjoe_overflow_divided_tiny
D:8:      argonaut_augean_stables, layout_loops_ring, minmay_misc_feat_square,
          minmay_misc_feat_iff
D:9:      layout_basic, uniq_joseph, uniq_psyche
D:10:     regret_index_early_branch_jog, layout_irregular_city,
          tgw_kikubaaqudgha
Temple:   regret_index_temple_waves

Skill      XL: |  1  2  3  4  5  6  7  8  9 10 11 |
---------------+----------------------------------+-----
Spellcasting   | 5 6 7 9 11 13 14 15 | 15.9
Fighting       | 1 2 3 |  3.6
Armour         | 1 2 3 4 |  4.0
Conjurations   | 2 3 4 6 7 8 9 |  9.3
Stealth        | 3 |  3.0
Dodging        | 3 |  3.0
Air Magic      | 1 |  1.0
Alchemy        | 1 |  1.0
Evocations     | 1 |  1.0
Shields        | 1 3 4 |  4.1
Fire Magic     | 1 4 6 7 |  7.1
Summonings     | |  1.1
Translocations | |  1.1

Action                     |  1- 3 |  4- 6 |  7- 9 | 10-12 || total
---------------------------+-------+-------+-------+-------++-------
  Melee: Dagger            |     4 |    14 |   110 |    38 ||   166
         Short sword       |    12 |    31 |       |       ||    43
   Cast: Magic Dart        |   107 |   172 |   210 |    39 ||   528
         Mephitic Cloud    |     1 |     9 |    28 |    27 ||    65
         Blink             |       |       |     2 |     1 ||     3
         Call Imp          |       |       |     5 |       ||     5
         Flame Wave        |       |       |    10 |    29 ||    39
         Iskenderun's Myst |       |       |       |     1 ||     1
   Stab: Confused          |     1 |     5 |    14 |    13 ||    33
         Sleeping          |       |       |     2 |       ||     2
 Armour: Robe              |    23 |    30 |    65 |       ||   118
         Steam dragon scal |       |       |     5 |    38 ||    43
  Dodge: Dodged            |    29 |    60 |   172 |    58 ||   319

Table legend: (Time is in decaauts)
 A = Elapsed time spent in this place.
 B = Non-inter-level travel time spent in this place.
 C = Inter-level travel time spent in this place.
 D = Time resting spent in this place.
 E = Time spent auto-exploring this place.
 F = Levels seen in this place.
 G = Mean time per level.
                   A        B        C        D        E       F      G
               +--------+--------+--------+--------+--------+-----+--------+
         Total |  12130 |  11851 |    279 |    516 |   9582 |  11 | 1102.7 |
       Dungeon |  12052 |  11773 |    279 |    440 |   9582 |  10 | 1205.2 |
        Temple |     77 |     77 |      0 |     76 |      0 |   1 |   77.0 |
               +--------+--------+--------+--------+--------+-----+--------+

Top non-repeatable levels by time:
     D:8: 1728 daAuts
     D:2: 1609 daAuts
     D:4: 1455 daAuts
     D:7: 1324 daAuts
     D:6: 1229 daAuts
     D:3: 1156 daAuts
     D:1: 1115 daAuts
     D:9: 1011 daAuts
     D:5: 855 daAuts
    D:10: 564 daAuts
  Temple: 77 daAuts
